 Dungeon Crawl Stone Soup version 0.30-a0-297-g0ec75d9ef4 (console) character file.

Game seed: 4762174093820779980

55021 jejorda2 the Impaler (level 14, -1/116 HPs)
             Began as a Merfolk Berserker on Oct 19, 2022.
             Was an Elder of Trog.
             Slain by a molten gargoyle
             ... wielding a +0 dire flail
              (4 damage)
             ... while petrified by a catoblepas
             ... in a Gauntlet.
             The game lasted 00:43:29 (15498 turns).

jejorda2 the Impaler (Merfolk Berserker)           Turns: 15498, Time: 00:43:30

Health: -1/116     AC: 21    Str: 22    XL:     14   Next: 75%
Magic:  23/23      EV:  2    Int:  7    God:    Trog [****..]
Gold:   1213       SH:  0    Dex: 16    Spells: 13/13 levels left

rFire   . . .      SeeInvis .    b - +8 spear {drain, rPois Dex+3}
rCold   . . .      Faith    .    (no shield)
rNeg    + + +      Spirit   .    F - +2 chain mail {rN+}
rPois   ∞          Reflect  .    Q - +2 hat {Will+}
rElec   .          Harm     .    L - +2 cloak
rCorr   .          Rampage  .    H - +2 pair of gloves
Will    ++...      NoTele   +    N - +0 pair of boots
Stlth   ..........               l - amulet of regeneration
HPRegen 1.19/turn                c - ring of flight
MPRegen 0.18/turn                k - ring of magical power

@: petrified, flying
A: (nimble swimmer 2), mertail
a: Renounce Religion, Berserk, Trog's Hand, Brothers in Arms


You were in a Gauntlet.
You worshipped Trog.
Trog was greatly pleased with you.
You visited 2 branches of the dungeon, and saw 17 of its levels.
You also visited: Gauntlet.

You collected 1521 gold pieces.
You spent 308 gold pieces at shops.

Inventory:

Hand Weapons
 a - the +6 halberd of Ilofeen {freeze, rC+ Int+3}
   (You found it on level 5 of the Lair of Beasts)

   It freezes those it strikes, dealing additional cold damage.
   It can also slow down cold-blooded creatures.
   Int:       It affects your intelligence (+3).
   rC:        It protects you from cold.
 b - the +8 spear of the Witching Hawk (weapon) {drain, rPois Dex+3}
   (You found it on level 2 of the Dungeon)

   A truly terrible weapon, it drains the life of any living foe it strikes.
   Dex:       It affects your dexterity (+3).
   rPois:     It protects you from poison.
 V - the +7 trident "Odes" {vorpal, rF+ rN+}
   (You found it on level 4 of the Lair of Beasts)

   It inflicts extra damage upon your enemies.
   rF:        It protects you from fire.
   rN:        It protects you from negative energy.
Missiles
 e - 143 stones
 j - 3 boomerangs
 m - 20 poisoned darts (quivered)
 s - 6 javelins
 y - a throwing net
 D - a curare-tipped dart
 K - 4 silver javelins
Armour
 F - a +2 chain mail of positive energy (worn)
 H - a +2 pair of gloves (worn)
 L - a +2 cloak (worn)
 N - a +0 pair of boots (worn)
 Q - a +2 hat of willpower (worn)
Jewellery
 c - a ring of flight (left hand)
 h - a ring of resist corrosion
 k - a ring of magical power (right hand)
 l - an amulet of regeneration (around neck)
Wands
 f - a wand of flame (53)
 B - a wand of iceblast (26)
 G - a wand of polymorph (7)
 I - a wand of mindburst (9)
 O - a wand of digging (2)
 R - a wand of quicksilver (2)
Scrolls
 i - 6 scrolls of fear
 q - 2 scrolls of blinking
 t - 2 scrolls of summoning
 P - a scroll of fog
 U - a scroll of poison
 X - 7 scrolls of teleportation
Potions
 d - 14 potions of curing
 n - 2 potions of invisibility
 o - 4 potions of haste
 p - a potion of heal wounds
 r - 4 potions of resistance
 v - 2 potions of might
 w - 2 potions of mutation
 z - 2 potions of attraction
 A - a potion of ambrosia
Miscellaneous
 T - a condenser vane


   Skills:
 + Level 12.5 Fighting
 + Level 19.3 Polearms
 * Level 13.4 Throwing
 - Level 6.0 Armour
 - Level 8.0 Dodging
 - Level 7.0 Evocations


You had 13 spell levels left.
You didn't know any spells.
Your spell library was empty.

Dungeon Overview and Level Annotations

Branches:
Dungeon (12/15)            Temple (0/1) D:6            Lair (5/5) D:10
  Swamp (0/4) Lair:2        Snake (0/4) Lair:3        Slime (0/5) Lair:5
    Orc (0/2) D:11        Gauntlet (1/1)

Altars:
Hepliaklqana
Kikubaaqudgha
Makhleb
Nemelex Xobeh
Okawaru
Sif Muna
Uskayaw
Xom
The Shining One
Jiyva

Shops:
D:3 :   D:5 !   D:6 :   D:10 ?[

Portals:
Hell: Lair:5
Trove: D:11 (give 2 scrolls of acquirement)

Annotations:
D:8 3 runed translucent doors, a11behringer's ghost, novice MiBe; lunkers's ghost, novice MeWn
Lair:3 2 transporters, GiantSquids's ghost, journeyman AtFi
Lair:4 1 runed translucent door, benadryl's ghost, journeyman TrCK Gauntlet 11 transporters


Innate Abilities, Weirdness & Mutations

((You are very nimble when in or above water. (Stealth+, EV+, Speed+++)))
Your lower body shifts to a powerful aquatic tail in water.


Message History

The catoblepas breathes a plume of calcifying dust at you.
The blast of calcifying dust hits the gargoyle but does no damage.
The blast of calcifying dust hits you.
You are engulfed in calcifying dust.
The molten gargoyle barely misses you.
The molten gargoyle blasts magma at you!
The bolt of magma hits the molten gargoyle.
The molten gargoyle partially resists.
The bolt of magma hits you!!
The molten gargoyle hits you with a +0 morningstar!
You are engulfed in flames!
The gargoyle hits you but does no damage.
The molten gargoyle hits you with a +0 morningstar.
You are engulfed in flames!
The molten gargoyle hits you but does no damage.
The gargoyle hits you but does no damage.
The molten gargoyle hits you but does no damage.
The molten gargoyle barely misses you.
The gargoyle hurls a stone arrow at you.
The stone arrow hits you!!
* * * LOW HITPOINT WARNING * * *
The catoblepas gores you!
* * * LOW HITPOINT WARNING * * *
The molten gargoyle barely misses you. The catoblepas gores you.
* * * LOW HITPOINT WARNING * * *
The gargoyle hits you with a +0 flail!
* * * LOW HITPOINT WARNING * * *
The molten gargoyle hits you with a +0 morningstar!
* * * LOW HITPOINT WARNING * * *
You are engulfed in flames!
* * * LOW HITPOINT WARNING * * *
The molten gargoyle hits you with a +0 dire flail.
You are engulfed in flames!
* * * LOW HITPOINT WARNING * * *
The catoblepas breathes a plume of calcifying dust at you.
The blast of calcifying dust hits you but does no damage.
The gargoyle hits you but does no damage.
You are engulfed in calcifying dust.
The gargoyle hits you but does no damage.
The molten gargoyle hits you but does no damage.
The molten gargoyle hits you with a +0 dire flail!
You die...

#§.∩.#.#.##x.#.#...#t......#..
##...####.###x##...#########..
#§...###########..............
##.....................8.....8
##.8.....8.....8.............
#≈...............###########.
##...#########...#.........#.
#≈...#.....Y9#...#Z##..^##.#.
##...#.##..9@#####k.##.##.?#.
#≈...#.##..99#...#Z..#Z#...#.
##.8©#..©###©#©8©#...^©#..©#.
#≈...#...###)#...#...#.#..=#.
##...#9#.###!#####..##.##.[#.
#≈...#.9.....#...#.##^.^##.#.
##...#########...#.^.......#.
#≈...............###########.
##.8.....8.....8.............


You could see a catoblepas, a death drake, a spectral centaur warrior, 2 molten
gargoyles, 2 gargoyles, a small abomination and a boggart zombie.

Vanquished Creatures
  Gastronok (Lair:2)
  2 dire elephants (Lair:5)
  4 hydras
  Erica (D:9)
  A hell beast (Lair:4)
  A death yak (Lair:2)
  3 two-headed ogres
  A lindwurm (Lair:4)
  A wizard (Lair:5)
  An ugly thing (D:12)
  3 cyclopes
  15 elephants (Lair:5)
  A smoke demon (Lair:5)
  6 black mambas
  4 gargoyles
  10 cane toads
  2 orange demons (Lair:5)
  3 rime drakes
  2 torpor snails
  3 kobold demonologists (D:12)
  11 komodo dragons
  2 ice devils (Lair:5)
  2 trolls
  4 polar bears
  A hornet (D:10)
  5 slime creatures (D:12)
  11 dream sheep (Lair:4)
  20 blink frogs
  2 vampires
  34 yaks
  6 wyverns
  5 wraiths
  3 basilisks
  10 vampire mosquitoes
  2 steam dragons
  3 nagas (Lair:3)
  An acid dragon (D:10)
  Edmund (D:5)
  8 water moccasins
  2 hell hounds (Lair:5)
  Duvessa (D:4)
  4 ice beasts
  An ogre (D:6)
  2 black bears
  6 wolves
  5 centaurs
  2 kobold brigands
  Blork the orc (D:4)
  7 bullfrogs
  4 necrophages
  2 gnoll sergeants
  A scorpion (D:6)
  10 wights (D:9)
  Dowan (D:4)
  4 killer bees (D:10)
  4 howler monkeys
  3 hounds
  A jelly (D:6)
  5 orc priests
  4 iguanas
  Natasha (thrice) (D:2)
  3 orc wizards
  10 gnolls
  5 adders
  A shadow imp (D:7)
  2 white imps (D:7)
  An ufetubus (D:5)
  A worm (D:2)
  2 dart slugs
  18 orcs
  5 ball pythons
  9 endoplasms
  3 giant cockroaches
  5 goblins
  6 hobgoblins
  9 jackals
  14 kobolds
  A quokka (D:2)
  6 bats
  3 frilled lizards (D:1)
  6 rats
379 creatures vanquished.

Vanquished Creatures (collateral kills)
  A hydra (Lair:5)
  3 death yaks (Lair:2)
  3 elephants (Lair:5)
  An orange demon (Lair:5)
  A komodo dragon (Lair:2)
  An ice devil (Lair:5)
  A dream sheep (Lair:5)
  A yak (Lair:2)
  A hell hound (Lair:5)
13 creatures vanquished.

Vanquished Creatures (others)
  A bush (Lair:5)
  4 demonic plants (Gauntlet)
  25 fungi
  18 plants
  3 withered plants (D:8)
51 creatures vanquished.

Grand Total: 443 creatures vanquished

Notes
Turn   | Place    | Note
-------+----------+-------------------------------------------
     0 | D:1      | jejorda2 the Merfolk Berserker began the quest for the Orb.
     0 | D:1      | Reached XP level 1. HP: 18/18 MP: 1/1
   167 | D:1      | Reached XP level 2. HP: 24/24 MP: 2/2
   854 | D:2      | Reached ** piety under Trog
   878 | D:2      | Reached XP level 3. HP: 29/29 MP: 3/3
   880 | D:2      | Reached skill level 5 in Polearms
  1008 | D:2      | Noticed Natasha
  1023 | D:2      | Killed Natasha
  1024 | D:2      | Reached XP level 4. HP: 23/37 MP: 4/4
  1060 | D:2      | Noticed Natasha
  1070 | D:2      | Killed Natasha
  1358 | D:2      | Noticed Natasha
  1373 | D:2      | Killed Natasha
  1374 | D:2      | Reached skill level 6 in Polearms
  1374 | D:2      | Reached XP level 5. HP: 12/42 MP: 5/5
  1617 | D:2      | Found a faded altar of an unknown god.
  1714 | D:2      | Identified the +8 spear of the Witching Hawk {drain, rPois
                  | Dex+3}
  1813 | D:3      | Found Zuigof's Book Boutique.
  2395 | D:4      | Found a hide-covered altar of Uskayaw.
  2567 | D:4      | Noticed Dowan
  2567 | D:4      | Noticed Duvessa
  2577 | D:4      | Killed Dowan
  2582 | D:4      | Killed Duvessa
  2583 | D:4      | Reached skill level 7 in Polearms
  2583 | D:4      | Reached XP level 6. HP: 49/49 MP: 6/6
  2644 | D:4      | Reached *** piety under Trog
  2688 | D:4      | Reached skill level 5 in Fighting
  2697 | D:4      | Noticed Blork the orc
  2706 | D:4      | Killed Blork the orc
  2707 | D:4      | Reached XP level 7. HP: 52/56 MP: 7/7
  2711 | D:4      | Reached skill level 8 in Polearms
  2966 | D:4      | Found a shimmering blue altar of Sif Muna.
  2967 | D:4      | Found a shimmering altar of Xom.
  3074 | D:5      | Entered Level 5 of the Dungeon
  3331 | D:5      | Identified the +0 trident of Disorder {vorpal, *Rage +Blink
                  | Will+ Dex+5}
  3685 | D:5      | Found Qupros's Distillery.
  3691 | D:5      | Bought a potion of resistance for 130 gold pieces
  3691 | D:5      | Bought a potion of curing for 39 gold pieces
  3733 | D:5      | Noticed Edmund
  3741 | D:5      | Killed Edmund
  3919 | D:6      | Reached skill level 9 in Polearms
  3919 | D:6      | Reached XP level 8. HP: 64/64 MP: 8/8
  3931 | D:6      | Found a staircase to the Ecumenical Temple.
  4100 | D:6      | Reached skill level 10 in Polearms
  4380 | D:6      | Found Horphuil's Book Boutique.
  4832 | D:7      | Reached skill level 11 in Polearms
  5184 | D:7      | Reached XP level 9. HP: 58/69 MP: 9/9
  5365 | D:7      | Found a glowing golden altar of the Shining One.
  5428 | D:7      | Reached skill level 12 in Polearms
  5682 | D:7      | Found an iron altar of Okawaru.
  5856 | D:8      | Found a runed translucent gate.
  5857 | D:8      | Found a runed translucent gate.
  5857 | D:8      | Found a runed translucent gate.
  5858 | D:8      | Noticed a11behringer's ghost (novice MiBe)
  5858 | D:8      | Noticed lunkers's ghost (novice MeWn)
  5897 | D:8      | Reached skill level 5 in Armour
  5897 | D:8      | Reached skill level 1 in Evocations
  6843 | D:9      | Noticed a two-headed ogre
  7090 | D:9      | Reached XP level 10. HP: 58/79 MP: 10/10
  7188 | D:9      | Killed a two-headed ogre
  7189 | D:9      | Reached skill level 13 in Polearms
  7365 | D:9      | Reached **** piety under Trog
  7375 | D:9      | Noticed Erica
  7388 | D:9      | Killed Erica
  7389 | D:9      | Reached skill level 5 in Evocations
  7591 | D:10     | Entered Level 10 of the Dungeon
  7640 | D:10     | Reached skill level 14 in Polearms
  7714 | D:10     | Found Tyomu's Magic Scroll Shoppe.
  7722 | D:10     | Paralysed by a hornet for 2 turns
  7821 | D:10     | Noticed a two-headed ogre
  7830 | D:10     | Killed a two-headed ogre
  7831 | D:10     | Reached skill level 5 in Dodging
  7858 | D:10     | Reached XP level 11. HP: 82/84 MP: 11/11
  7878 | D:10     | Bought a scroll of enchant armour for 90 gold pieces
  7979 | D:10     | Found an ancient bone altar of Kikubaaqudgha.
  8032 | D:10     | Found a sparkling altar of Nemelex Xobeh.
  8034 | D:10     | Found a staircase to the Lair.
  8112 | D:10     | Noticed a two-headed ogre
  8127 | D:10     | Killed a two-headed ogre
  8300 | D:10     | Found Benazux's Armour Boutique.
  8306 | D:10     | Bought a +0 pair of gloves for 49 gold pieces
  8443 | D:10     | Reached skill level 15 in Polearms
  8600 | D:11     | Found a staircase to the Orcish Mines.
  8701 | D:11     | Noticed a cyclops
  8731 | D:11     | Noticed a cyclops
  8738 | D:11     | Killed a cyclops
  8746 | D:11     | Killed a cyclops
  8803 | D:11     | Found a hazy altar of Hepliaklqana.
  8889 | D:11     | Found a portal to a secret trove of treasure.
  9177 | Lair:1   | Entered Level 1 of the Lair of Beasts
  9212 | Lair:1   | Identified the +1 robe of Gubb {rF+ rC+ Str+4}
  9298 | Lair:1   | Reached skill level 1 in Throwing
  9920 | Lair:2   | Noticed a six-headed hydra
  9938 | Lair:2   | Killed a six-headed hydra
 10072 | Lair:2   | Noticed Gastronok
 10087 | Lair:2   | Killed Gastronok
 10088 | Lair:2   | Reached skill level 16 in Polearms
 10088 | Lair:2   | Reached skill level 5 in Throwing
 10088 | Lair:2   | Reached XP level 12. HP: 92/92 MP: 12/12
 10215 | Lair:2   | Found a staircase to the Swamp.
 10330 | Lair:2   | Noticed a death yak
 10331 | Lair:2   | Noticed a death yak
 10340 | Lair:2   | Noticed a death yak
 10343 | Lair:2   | Killed a death yak
 10352 | Lair:2   | Noticed a death yak
 10352 | Lair:2   | Killed a death yak
 10365 | Lair:2   | Killed a death yak
 10372 | Lair:2   | Killed a death yak
 10984 | Lair:3   | Reached skill level 17 in Polearms
 11017 | Lair:3   | Identified the +1 lajatang "Gecejoj" {venom, Will++}
 11139 | Lair:3   | Found a staircase to the Snake Pit.
 11304 | Lair:3   | Reached XP level 13. HP: 80/103 MP: 13/13
 11396 | Lair:3   | Reached skill level 10 in Fighting
 11431 | Lair:3   | Found a transporter.
 11580 | Lair:3   | Found a transporter.
 11595 | Lair:3   | Noticed GiantSquids's ghost (journeyman AtFi)
 12186 | Lair:4   | Reached skill level 10 in Throwing
 12360 | Lair:4   | Identified the +7 trident "Odes" {vorpal, rF+ rN+}
 12507 | Lair:4   | Reached skill level 18 in Polearms
 12732 | Lair:4   | Found a runed translucent door.
 12734 | Lair:4   | Noticed benadryl's ghost (journeyman TrCK)
 12967 | Lair:5   | Entered Level 5 of the Lair of Beasts
 13023 | Lair:5   | Found a viscous altar of Jiyva.
 13024 | Lair:5   | Found a staircase to the Slime Pits.
 13121 | Lair:5   | Reached ***** piety under Trog
 13287 | Lair:5   | Noticed a dire elephant
 13293 | Lair:5   | Reached XP level 14. HP: 113/113 MP: 14/14
 13302 | Lair:5   | Killed a dire elephant
 13723 | Lair:5   | Identified the +6 halberd of Ilofeen {freeze, rC+ Int+3}
 13857 | Lair:5   | Noticed a dire elephant
 13888 | Lair:5   | Killed a dire elephant
 13915 | Lair:5   | HP: 2/115 [poisoned by a cane toad]
 14109 | Lair:5   | Reached skill level 19 in Polearms
 14721 | Lair:5   | Found a burning altar of Makhleb.
 14742 | Lair:5   | Found a gateway to Hell.
 15259 | D:12     | Found a gate leading to a gauntlet.
 15281 | Gauntlet | Entered a Gauntlet
 15281 | Gauntlet | Found a transporter.
 15291 | Gauntlet | Found a transporter.
 15311 | Gauntlet | Found a transporter.
 15312 | Gauntlet | Found a transporter.
 15332 | Gauntlet | Found a transporter.
 15345 | Gauntlet | Found a transporter.
 15359 | Gauntlet | Found a transporter.
 15388 | Gauntlet | Found a transporter.
 15388 | Gauntlet | Found a transporter.
 15393 | Gauntlet | Found a transporter.
 15416 | Gauntlet | Found a transporter.
 15420 | Gauntlet | Found a transporter.
 15497 | Gauntlet | HP: 2/116 [molten gargoyle/+0 dire flail (5)]
 15498 | Gauntlet | Slain by a molten gargoyle

Illustrated notes

Levels and vault maps discovered:
D:1:      eino_arrival_cavern_a, layout_loops_ring, minmay_misc_feat_enclosed,
          dk_noncrumbling_2
D:2:      layout_loops_ring, chequers_ecumenical_altar_grove, uniq_natasha
D:3:      layout_basic, serial_shops,
          nicolae_shop_temple_entry_statues_fountains, amethyst_killhole
D:4:      layout_basic, minitemple, mainiacjoe_overflow_alcove_4,
          uniq_blork_the_orc, uniq_duvessa
D:5:      layout_loops_ring, serial_shops, kennysheep_little_box,
          roderic_roman_lattice, uniq_edmund
D:6:      layout_basic, minmay_temple_entry_ruins, serial_shops,
          nicolae_shop_hallway_stairs
D:7:      layout_basic, kennysheep_mini, kennysheep_mini_moat,
          nicolae_grassy_gnolls
D:8:      layout_basic, gammafunk_ghost_cemetery
D:9:      layout_cave_pools, serial_park, serial_park_avenue1,
          serial_park_square3 [serial_park_minivault_5x5_8],
          serial_park_square2, serial_park_tiny_2, serial_park_square1
          [serial_park_minivault_5x5_8], uniq_erica
D:10:     layout_roguey, nemelex_xobeh_ov_fountains_minmay,
          kiku_gazebo_garden_becter, lair_entry_dummy, serial_shops,
          nicolae_stop_n_shop_1, shop_fountains, minmay_between
D:11:     layout_small_grid, david_orc_2, nicolae_trove_entry_columns,
          nicolae_hepliaklqana_hazy_memory
D:12:     nzn_winding_woodlands_huge [nzn_winding_woodlands_5x15_eye,
          nzn_winding_woodlands_5x15_lazy_stream,
          nzn_winding_woodlands_5x15_jagged, nzn_winding_woodlands_5x15_crooked,
          nzn_winding_woodlands_5x15_sawtooth,
          nzn_winding_woodlands_5x15_pockets, nzn_winding_woodlands_5x15_parted,
          nzn_winding_woodlands_5x15_split_checker,
          nzn_winding_woodlands_5x15_sidewinder,
          nzn_winding_woodlands_5x15_river_crossing,
          nzn_winding_woodlands_center_diamonds,
          nzn_winding_woodlands_center_garden,
          nzn_winding_woodlands_15x15_five_gardens], layout_long_grid,
          gauntlet_entry_generic
Lair:1:   layout_roguey
Lair:2:   layout_regular_city, minmay_swamp_entry_swarm,
          chequers_serial_rivers_marsh, uniq_gastronok
Lair:3:   layout_loops_ring, minmay_snake_entry_guardpost_small,
          gammafunk_ghost_berserking_beasts
Lair:4:   layout_gridlike, ebering_ghost_reflecting_pool, grunt_megastairs_2,
          serial_bayou_shore_b
Lair:5:   evil_forest, layout_regular_city, slime_entry_1, st_stairs_6,
          lemuel_fruit_fields
Gauntlet: minmay_gauntlet_mixed_oops_all_seconds
          [minmay_gauntlet_arena_77_broken_ladder,
          gammafunk_gauntlet_arena_mazey, minmay_gauntlet_arena_77_block_sizes,
          gammafunk_gauntlet_arena_corners,
          minmay_gauntlet_arena_77_hold_the_fort,
          gammafunk_gauntlet_arena_split_x, gauntlet_exit_hidden_loot]

Skill      XL: |  1  2  3  4  5  6  7  8  9 10 11 12 13 14 |
---------------+-------------------------------------------+-----
Polearms       | 5 6 7 9 11 12 14 16 17 18 19 | 19.3
Armour         | 2 3 4 5 6 |  6.0
Fighting       | 4 5 6 7 8 9 11 12 | 12.5
Evocations     | 3 6 7 |  7.0
Dodging        | 5 8 |  8.0
Throwing       | 5 8 11 13 | 13.4

Action                   |  1- 3 |  4- 6 |  7- 9 | 10-12 | 13-15 || total
-------------------------+-------+-------+-------+-------+-------++-------
Melee: Spear             |   108 |   132 |   202 |   551 |   440 ||  1433
       Punch             |     1 |     1 |     2 |     7 |     6 ||    17
       Halberd           |       |       |       |       |   205 ||   205
       Trident           |       |       |       |       |    10 ||    10
Throw: Stone             |       |       |     2 |     5 |     3 ||    10
       Dart              |       |       |       |       |    18 ||    18
Invok: Trog's Hand       |     1 |     3 |       |     6 |     4 ||    14
       Berserk           |       |     2 |     5 |    11 |     9 ||    27
       Brothers in Arms  |       |       |       |     1 |     4 ||     5
  Use: Scroll            |       |       |    18 |    11 |     5 ||    34
       Potion            |       |       |       |       |     1 ||     1
 Stab: Distracted        |       |       |       |     1 |     2 ||     3
Armor: Scale mail        |    33 |    25 |     1 |       |       ||    59
       Chain mail        |       |       |    35 |   126 |   221 ||   382
Dodge: Dodged            |    31 |    34 |    38 |   135 |   214 ||   452
Block: Other             |       |     2 |    22 |       |       ||    24
       Reflection        |       |       |     2 |       |       ||     2

Table legend: (Time is in decaauts)
 A = Elapsed time spent in this place.
 B = Non-inter-level travel time spent in this place.
 C = Inter-level travel time spent in this place.
 D = Time resting spent in this place.
 E = Time spent auto-exploring this place.
 F = Levels seen in this place.
 G = Mean time per level.
                   A        B        C        D        E       F      G
               +--------+--------+--------+--------+--------+-----+--------+
         Total |  15076 |  14075 |   1001 |   1565 |   9957 |  18 |  837.6 |
       Dungeon |   9491 |   8847 |    644 |   1078 |   6416 |  12 |  790.9 |
          Lair |   5367 |   5010 |    357 |    487 |   3378 |   5 | 1073.4 |
      Gauntlet |    217 |    217 |      0 |      0 |    163 |   1 |  217.0 |
               +--------+--------+--------+--------+--------+-----+--------+

Top non-repeatable levels by time:
  Lair:5: 1506 daAuts
  Lair:3: 1144 daAuts
    D:10: 1138 daAuts
     D:6: 1068 daAuts
  Lair:4: 1033 daAuts
  Lair:2: 956 daAuts
     D:8: 944 daAuts
     D:2: 942 daAuts
     D:7: 859 daAuts
     D:1: 846 daAuts
     D:9: 819 daAuts
     D:4: 735 daAuts
  Lair:1: 726 daAuts
     D:5: 724 daAuts
     D:3: 572 daAuts
